 Dungeon Crawl Stone Soup version 0.31-a0-455-g1a7b003ef0 (webtiles) character file.

Game seed: 17261925646142484107

1220 senseless the Changeling (level 8, -13/54 HPs)
             Began as an Octopode Shapeshifter on Aug 3, 2023.
             Was a Believer of Ru.
             Incinerated by a deep elf pyromancer (17 damage)
             ... with a sticky flame
             ... on level 7 of the Dungeon.
             The game lasted 00:14:37 (5294 turns).

senseless the Changeling (Octopode Shapeshifter)    Turns: 5294, Time: 00:14:37

Health: -13/54     AC:  1    Str: 16    XL:     8   Next: 47%
Magic:  17/17      EV: 15    Int: 11    God:    Ru [**....]
Gold:   166        SH:  0    Dex: 15    Spells: 7/7 levels left

rFire   . . .        v - +1 war axe of Success {heavy, rElec rPois MP+9 Dex+3}
rCold   . . .        (no shield)
rNeg    . . .        (helmet currently unavailable)
rPois   +            (no amulet)
rElec   +            (no ring)
rCorr   .            (no ring)
SInv    .            (no ring)
Will    .....        (no ring)
Stlth   ++           (no ring)
HPRegen 0.29/turn    (no ring)
MPRegen 0.15/turn    (no ring)
                     (no ring)

%: no passive effects
@: on fire, beast-form, glowing
A: beast (slay +4), almost no armour, amphibious, 8 rings, camouflage 1,
gelatinous body 1, hated by all, (nimble swimmer 1), tentacles
a: Begin Untransformation, Renounce Religion


You were on level 7 of the Dungeon.
You worshipped Ru.
Ru was pleased with you.
You were a hulking beast.
You visited 1 branch of the dungeon, and saw 7 of its levels.

You collected 421 gold pieces.
You spent 255 gold pieces at shops.

Inventory:

Hand Weapons
 l - a +2 short sword of flaming
 m - a +0 dagger of speed
 v - the +1 war axe of Success (weapon) {heavy, rElec rPois MP+9 Dex+3}
   (You bought it in a shop on level 6 of the Dungeon)

   Dex:       It affects your dexterity (+3).
   rElec:     It insulates you from electricity.
   rPois:     It protects you from poison.
   MP:        It affects your magic capacity (+9).
Missiles
 h - 3 atropa-tipped darts
Talismans
 b - a beast talisman (active)
 n - a serpent talisman
Wands
 d - a wand of charming (11)
 o - a wand of flame (23)
 p - a wand of mindburst (18) (quivered)
 r - a wand of polymorph (5)
 t - a wand of roots (8)
 u - a wand of acid (8)
Scrolls
 e - 4 scrolls of fog
 i - a scroll of poison
 j - a scroll of enchant armour
 q - 2 scrolls of teleportation
Potions
 a - a potion of lignification
 c - a potion of heal wounds {unknown}
 f - 3 potions of curing {unknown}
 g - 2 potions of brilliance
 k - 3 potions of mutation
 s - a potion of berserk rage {unknown}


   Skills:
 + Level 3.9 Fighting
 + Level 4.4 Dodging
 + Level 5.3 Stealth
 + Level 5.0 Unarmed Combat
 * Level 5.7 Shapeshifting


You had 7 spell levels left.
You didn't know any spells.
Your spell library contained the following spells:

 Spells                   Type           Power      Damage    Failure   Level
 Volatile Blastmotes      Fire/Tloc      0%         2d10      71%         3
 Fulminant Prism          Conj/Hex       0%         3d5       98%         4
 Iskenderun's Mystic Bla  Conj/Tloc      0%         2d3       98%         4


Dungeon Overview and Level Annotations

Branches:
Dungeon (7/15)             Temple (0/1) D:5

Altars:
Kikubaaqudgha
Ru
Vehumet
Zin
The Shining One

Shops:
D:2 [   D:6 [(*


Innate Abilities, Weirdness & Mutations

You are a hulking beast.
Your limbs bulge with bestial killing power. (Slay +4)
You cannot wear most types of armour.
You are amphibious.
You can wear up to eight rings at the same time.
Your skin changes colour to match your surroundings (Stealth+).
Your rubbery body absorbs attacks. (AC +1, EV +1)
You are hated by all.
((You are camouflaged when in or above water. (Stealth+)))
You have tentacles for arms and can constrict up to eight enemies at once.


Message History

There is a stone staircase leading down here.
You climb downwards.
Found 15 gold pieces.
There is a stone staircase leading up here.
Magic restored.
Found an escape hatch in the floor.
You now have 166 gold pieces (gained 15).
There is an escape hatch in the floor here.
A jelly comes into view.
A deep elf pyromancer comes into view. It is wielding a +0 short sword.
The jelly barely misses you.
The deep elf pyromancer shouts!
You barely miss the deep elf pyromancer.
You grab the deep elf pyromancer. You squeeze the deep elf pyromancer.
The deep elf pyromancer is lightly wounded.
You barely miss the jelly. You constrict the deep elf pyromancer!
The deep elf pyromancer casts a spell at you.
The bolt of fire hits you!! The jelly hits you.
You are splashed with acid!
The jelly hits you.
You are splashed with acid!
* * * LOW HITPOINT WARNING * * *
The deep elf pyromancer gestures wildly while chanting.
You slash the deep elf pyromancer!
The deep elf pyromancer is heavily wounded.
You slice the jelly!!
You kill the jelly!
You constrict the deep elf pyromancer, but do no damage.
The deep elf pyromancer casts a spell at you.
The sticky flame hits you.
You are covered in liquid flames!
* * * LOW HITPOINT WARNING * * *
The fire elemental barely misses you.
The deep elf pyromancer hits you with a +0 short sword.
* * * LOW HITPOINT WARNING * * *
Your Unarmed Combat skill increases to level 5!
Okay, then.
You slash the deep elf pyromancer!
The deep elf pyromancer is severely wounded.
You hit the fire elemental.
You are covered in liquid flames!
You die...

#.### #...#
###.# #.#
##### #.# ...#
#.#
####.#####.# .
#...eE○.##.#
....##h##.##.#
#..........#
#.##.##.####
.. ...##.#
###.......#
#########


You could see a deep elf pyromancer and a fire elemental (summoned).

Vanquished Creatures
  A sky beast (D:6)
  A black bear (D:5)
  3 ogres
  A bullfrog (D:6)
  A scorpion (D:4)
  A howler monkey (D:4)
  2 orc priests (D:6)
  6 hounds
  A jelly (D:7)
  2 iguanas
  2 orc wizards (D:6)
  Robin (D:2)
  9 adders
  4 gnolls (D:6)
  An ufetubus (D:5)
  2 worms
  A dart slug (D:2)
  8 orcs
  6 bats
  5 endoplasms
  7 giant cockroaches
  11 goblins
  12 hobgoblins
  4 jackals (D:1)
  3 quokkas
  9 ball pythons
  6 frilled lizards
  17 kobolds
  9 rats
136 creatures vanquished.

Notes
Turn   | Place    | Note
-------+----------+-------------------------------------------
     0 | D:1      | senseless the Octopode Shapeshifter began the quest for the
                  | Orb.
     0 | D:1      | Reached XP level 1. HP: 13/13 MP: 1/1
    83 | D:1      | Reached XP level 2. HP: 11/18 MP: 2/2
   116 | D:1      | Found a faded altar of an unknown god.
   208 | D:1      | Reached skill level 1 in Stealth
   303 | D:1      | Reached XP level 3. HP: 23/23 MP: 3/3
   938 | D:2      | Noticed Robin
   948 | D:2      | Killed Robin
   953 | D:2      | Reached XP level 4. HP: 28/28 MP: 4/4
  1229 | D:2      | Found Jotzal's Armour Shoppe.
  1446 | D:2      | Reached XP level 5. HP: 34/34 MP: 5/5
  1996 | D:3      | Found a sacrificial altar of Ru.
  2363 | D:3      | Found a glowing golden altar of the Shining One.
  2365 | D:3      | Found a glowing silver altar of Zin.
  2445 | D:3      | Became a worshipper of Ru the Awakened
  2593 | D:4      | Noticed an ogre
  2604 | D:4      | Killed an ogre
  2605 | D:4      | Reached XP level 6. HP: 6/39 MP: 6/6
  2733 | D:4      | Found a radiant altar of Vehumet.
  2999 | D:5      | Entered Level 5 of the Dungeon
  3025 | D:5      | Noticed a black bear
  3032 | D:5      | Killed a black bear
  3033 | D:5      | Reached XP level 7. HP: 34/45 MP: 7/7
  3304 | D:5      | Gained mutation: You are hated by all. [Ru sacrifice]
  3304 | D:5      | Reached * piety under Ru
  3304 | D:5      | Reached ** piety under Ru
  3375 | D:5      | Found a staircase to the Ecumenical Temple.
  3947 | D:6      | Reached skill level 5 in Shapeshifting
  4227 | D:6      | Found an ancient bone altar of Kikubaaqudgha.
  4351 | D:6      | Reached XP level 8. HP: 37/52 MP: 8/8
  4459 | D:6      | Found Hip Houmu's Antique Weapon Emporium.
  4459 | D:6      | Found Hiekhl Raka's General Store.
  4461 | D:6      | Found Hiroh's Antique Armour Emporium.
  4617 | D:6      | Reached skill level 5 in Stealth
  5198 | D:6      | Bought a masterwork war axe for 255 gold pieces
  5198 | D:6      | Identified the +1 war axe of Success {heavy, rElec rPois
                  | MP+9 Dex+3} (You bought it in a shop on level 6 of the
                  | Dungeon)
  5290 | D:7      | Noticed a deep elf pyromancer
  5294 | D:7      | Reached skill level 5 in Unarmed Combat
  5294 | D:7      | Incinerated by a deep elf pyromancer

Illustrated notes

Levels and vault maps discovered:
D:1:      dpeg_arrival_rhombi, layout_rooms, serial_rivers,
          chequers_serial_rivers_large_a, chequers_serial_rivers_micro_b,
          chequers_serial_rivers_micro_d, chequers_serial_rivers_small_a,
          chequers_serial_rivers_marsh, hellmonk_ecumenical_altar_arch_garden,
          lexackson_kobold_supper
D:2:      wander_river, layout_loops_cross, serial_shops,
          nicolae_shop_competitors_out_of_business, st_stairs_7,
          nicolae_wormholes, uniq_robin
D:3:      layout_basic, minitemple, nicolae_ru_the_path_less_chosen,
          nicolae_kite_square_tiling_tiny
D:4:      layout_cave_pools, lemuel_crystal_altar, kennysheep_generic_room_9
D:5:      layout_cave_pods, minmay_temple_entry_gardened_gates,
          minmay_starry_boxes
D:6:      layout_cave_pods, mainiacjoe_overflow_alcove_4, minmay_misc_feat_room,
          nicolae_shop_distant_corner_stores, hangedman_decor_lopped,
          dreamdust_gnoll_farm
D:7:      layout_loops_cross

Skill      XL: |  1  2  3  4  5  6  7  8 |
---------------+-------------------------+-----
Stealth        | 1 2 3 4 5 |  5.3
Fighting       | 2 3 |  3.9
Dodging        | 3 4 |  4.4
Shapeshifting  | 4 5 |  5.7
Unarmed Combat | 4 5 |  5.0

Action                     |  1- 3 |  4- 6 |  7- 9 || total
---------------------------+-------+-------+-------++-------
  Melee: Unarmed           |    54 |       |       ||    54
         Constrict         |    18 |    23 |    18 ||    59
         Tentacles         |    17 |    18 |    18 ||    53
         Punch             |     4 |     1 |     2 ||     7
         Short sword       |    35 |    91 |    81 ||   207
         War axe           |       |       |     3 ||     3
 Invoke: Sacrifice Love    |       |       |     1 ||     1
    Use: Scroll            |       |    10 |     4 ||    14
   Stab: Sleeping          |     8 |    14 |     7 ||    29
 Armour: Skin              |     6 |     5 |     5 ||    16
  Dodge: Dodged            |    31 |    44 |    53 ||   128

Table legend: (Time is in decaauts)
 A = Elapsed time spent in this place.
 B = Non-inter-level travel time spent in this place.
 C = Inter-level travel time spent in this place.
 D = Time resting spent in this place.
 E = Time spent auto-exploring this place.
 F = Levels seen in this place.
 G = Mean time per level.
                   A        B        C        D        E       F      G
               +--------+--------+--------+--------+--------+-----+--------+
         Total |   5292 |   4817 |    475 |      6 |   3965 |   7 |  756.0 |
       Dungeon |   5292 |   4817 |    475 |      6 |   3965 |   7 |  756.0 |
               +--------+--------+--------+--------+--------+-----+--------+

Top non-repeatable levels by time:
     D:6: 1221 daAuts
     D:5: 983 daAuts
     D:1: 934 daAuts
     D:2: 778 daAuts
     D:3: 746 daAuts
     D:4: 542 daAuts
     D:7: 86 daAuts
